 Dungeon Crawl Stone Soup version 0.30.1-8-g117510f58f (webtiles) character file.

Game seed: 1496320593652555840

10362 unlimited1921 the Thaumaturge (level 11, -13/71 HPs)
             Began as a Djinni Fire Elementalist on Sept 23, 2023.
             Was a Believer of Ashenzari.
             Mangled by a harpy simulacrum (18 damage)
             ... in an ice cave on Sept 24, 2023.
             The game lasted 00:47:05 (17495 turns).

unlimited1921 the Thaumaturge (DjFE)               Turns: 17495, Time: 00:47:05

Health: -13/71     AC:  8    Str:  7    XL:     11   Next: 91%
Gold:   481        EV: 14    Int: 21    God:    Ashenzari [**....] SH:  0 Dex: 14

rFire   + + +        B - +1 falchion (elec)
rCold   x x .        (no shield)
rNeg    + . .        K - +0 steam dragon scales of the Bound Seer {Fort, Self} (curse)
rPois   ∞            d - +1 helmet of the Ensconced Sky {Fort, Evo} (curse)
rElec   +            (no cloak)
rCorr   .            g - +0 pair of gloves
SInv    +            (boots unavailable)
Will    +....        C - amulet of regeneration
Stlth   +++          r - ring of positive energy
HPRegen 1.11/turn    M - ring of Ashenzari's Discomfort {Fire rElec, Cun, Self} (curse)
MPRegen 0.00/turn

%: infuse magic (-14 HP)
@: flying, studying 2 skills
A: sickness immunity, fire resistance 2, cold vulnerability 1, float, innate
caster, HP casting, extra vitality 1
a: Renounce Religion, Shatter the Chains


You were in an ice cave.
You worshipped Ashenzari.
Ashenzari was pleased with you.
You visited 2 branches of the dungeon, and saw 10 of its levels.
You also visited: Ice Cave.

You collected 481 gold pieces.

Inventory:

Hand Weapons
 l - a +0 heavy hand axe
 q - a +1 shortbow of freezing
 B - a +1 falchion of electrocution (weapon)
 H - the +1 spear "Epid" {vamp, *Rage rF+++ Int-3 SInv}
   (You found it on level 7 of the Dungeon)

   Int:       It affects your intelligence (-3).
   rF:        It renders you almost immune to fire.
   SInv:      It lets you see invisible.
   *Rage:     It berserks you when you make melee attacks (+20% chance).
 L - a +0 trident of venom
 N - the +1 long sword of the Modern Wishes {heavy, rF+++ rN+++ Str-2 Int-5}
   (You took it off a centaur on level 9 of the Dungeon)

   Str:       It affects your strength (-2).
   Int:       It affects your intelligence (-5).
   rF:        It renders you almost immune to fire.
   rN:        It renders you almost immune to negative energy.
Missiles
 w - a curare-tipped dart
 G - a throwing net
 I - 5 poisoned darts
Armour
 d - the cursed +1 helmet of the Ensconced Sky (worn) {Fort, Evo}
   (You found it on level 1 of the Dungeon)

   It has a curse which improves the following skills: Fortitude: Armour and
   Shields.
   Evocations: Evocations.
 g - a +0 pair of gloves (worn)
 D - a +0 helmet
 J - +0 acid dragon scales
 K - the cursed +0 steam dragon scales of the Bound Seer (worn) {Fort, Self}
   (You found it on level 7 of the Dungeon)

   It has a curse which improves the following skills: Fortitude: Armour and
   Shields.
   Introspection: Fighting and Spellcasting.
 O - the +1 hat of Sloth {rCorr Str+3 Dex+2}
   (You found it in an ice cave)

   Str:       It affects your strength (+3).
   Dex:       It affects your dexterity (+2).
   rCorr:     It protects you from acid and corrosion.
 P - a +0 leather armour
Jewellery
 n - a ring of ice
 r - a ring of positive energy (left hand)
 s - a +4 ring of slaying
 y - an amulet of the acrobat
 C - an amulet of regeneration (around neck)
 M - the cursed ring of Ashenzari's Discomfort (right hand) {Fire rElec, Cun, Self}
   (You found it on level 9 of the Dungeon)

   [ring of fire]

   It enhances your fire magic.
   rF:        It protects you from fire.
   rC:        It makes you vulnerable to cold.
   rElec:     It insulates you from electricity.
   It has a curse which improves the following skills: Cunning: Dodging and
   Stealth.
   Introspection: Fighting and Spellcasting.
Wands
 a - a wand of acid (6)
Scrolls
 b - 11 scrolls of identify
 e - 3 scrolls of teleportation
 h - 2 scrolls of magic mapping
 i - a scroll of silence
 k - 3 scrolls of immolation
 m - 3 scrolls of fog
 p - 5 scrolls of enchant armour
 v - a scroll of fear
 x - 2 scrolls of blinking
 F - a scroll of butterflies
Potions
 c - 2 potions of berserk rage
 f - 2 potions of invisibility
 j - 2 potions of lignification
 o - a potion of heal wounds
 t - 2 potions of haste
 u - 2 potions of mutation
 z - a potion of brilliance
 A - 4 potions of curing
 E - a potion of might


   Skills:
 + Level 1.7(3.0) Fighting
 + Level 1.4 Long Blades
 + Level 4.9(6.0) Dodging
 + Level 5.2(6.3) Stealth
 + Level 12.8(14.5) Spellcasting


You knew the following spells:

 Your Spells              Type           Power      Damage    Failure   Level
a - Foxfire               Conj/Fire      100%       2x1d9     0%          1
b - Scorch                Fire           100%       2d9       0%          2
c - Volatile Blastmotes   Fire/Tloc      100%       2d18      1%          3
d - Inner Flame           Hex/Fire       85%        N/A       1%          3
e - Flame Wave            Conj/Fire      85%        2d18      1%          4
f - Apportation           Tloc           100%       N/A       0%          1
g - Ensorcelled Hibernat  Hex/Ice        100%       N/A       0%          2
h - Searing Ray           Conj           100%       2d8       0%          2
i - Fulminant Prism       Conj/Hex       33%        3d15      1%          4
j - Iskenderun's Battles  Conj           66%        2d12      1%          5
Your spell library was empty.

Dungeon Overview and Level Annotations

Branches:
Dungeon (9/15)             Temple (0/1) D:5            Lair (1/5) D:9
  IceCv (1/1)
    Orc: D:9-12

Altars:
Ashenzari
Cheibriados
Dithmenos
Gozag
Qazlal
Ru
Uskayaw
Xom
Zin
The Shining One

Annotations:
IceCv exclusion: ice statue


Innate Abilities, Weirdness & Mutations

You are immune to sickness and miasma.
You are immune to poison.
Your flesh is very heat resistant. (rF++)
You are vulnerable to cold. (rC-)
You float through the air rather than walking.
You learn spells naturally, not from books.
Your magical power is your life essence.
You have superior vitality. (+4 MHP)


Message History

Aim: an ice statue (ally target, 100% to hit)
Really fire in your fulminant prism's direction?
Okay, then.
Casting: Searing Ray (safe; 0% risk of failure)
Confirm with . or Enter, or press ? or * to list all spells.
You can't see any susceptible monsters within range! (Use Z to cast anyway.) Unknown command.
Casting: Searing Ray (safe; 0% risk of failure)
Confirm with . or Enter, or press ? or * to list all spells.
You feel a surge of power!
You conjure some foxfire!
Your fulminant prism crackles loudly.
Casting: Foxfire (safe; 0% risk of failure)
Confirm with . or Enter, or press ? or * to list all spells.
You feel a surge of power!
There is not enough space to conjure foxfire!
Your foxfire dissipates!
The foxfire hits the ice statue but does no damage.
The ice statue glitters chillingly in the dim dungeon light.
Your fulminant prism explodes!
The blast of energy engulfs the ice statue.
The ice statue is lightly damaged.
The blast of energy engulfs you!!
You hear a shout!
You swap places.
You start resting.
Your battlesphere wavers and loses cohesion.
Casting: Foxfire (safe; 0% risk of failure)
Confirm with . or Enter, or press ? or * to list all spells.
You conjure a globe of magical energy.
A harpy simulacrum comes into view.
The harpy simulacrum claws you. The harpy simulacrum freezes you!
You feel a terrible chill! The harpy simulacrum claws you!
The harpy simulacrum freezes you!!
You feel a terrible chill!
* * * LOW HITPOINT WARNING * * *
You swap places.
The harpy simulacrum closely misses you.
The harpy simulacrum claws you.
* * * LOW HITPOINT WARNING * * *
The harpy simulacrum freezes you!!
You feel a terrible chill!
You die...

, .## , ,,
,** *##.#
** * , ,
##..# ,**
* * #...##
** #### *
#.⌠..##
##.#..## ,
#.....#
#$.....# *
..*#..##
#.8.##°##,
* ..###..#
#[., #*Z#
,* .##
##.####,
*##@#* ##
#..# *
##..# * ##
#..##
##..## ,
.# ##..#
#...# .#
##.# #...#
* .# #..#
##..## ##
#..###...#
*, ##
#.###...##
~ .###
#.###..##


You could see a harpy simulacrum and a friendly battlesphere.

Vanquished Creatures
  A two-headed ogre (D:9)
  A deep elf pyromancer (D:9)
  2 trolls (D:9)
  Grinder (D:4)
  21 yaks
  2 wyverns (D:8)
  Eustachio (D:5)
  A death yak simulacrum (IceCv)
  3 steam dragons
  2 harpy simulacra (IceCv)
  Duvessa (D:6)
  2 water moccasins (D:8)
  An acid dragon (D:9)
  An orc warrior (D:9)
  2 sky beasts
  3 black bears
  An ice beast (D:7)
  5 centaurs
  An ogre (D:5)
  A phantom (D:4)
  A kobold brigand (D:9)
  2 bullfrogs (D:9)
  A gnoll sergeant (D:8)
  2 scorpions
  4 two-headed ogre simulacra (IceCv)
  2 wights (D:9)
  4 cane toad simulacra (IceCv)
  Dowan (D:6)
  7 killer bees
  3 elephant simulacra (IceCv)
  A howler monkey (D:6)
  4 orc priests
  2 jellies (D:5)
  A gnoll bouda (D:7)
  2 hounds (D:4)
  3 sleepcaps
  5 iguanas
  12 orc wizards
  A polar bear simulacrum (IceCv)
  6 troll simulacra (IceCv)
  3 spriggan simulacra (IceCv)
  A wolf simulacrum (IceCv)
  4 adders
  5 gnolls (D:8)
  9 naga simulacra (IceCv)
  20 white imps
  5 ufetubi
  A worm (D:3)
  3 dart slugs
  24 orcs
  9 ball pythons
  4 endoplasms
  5 giant cockroaches
  6 goblins
  10 hobgoblins
  10 jackals
  3 quokkas
  6 bats
  3 frilled lizards
  4 kobolds
  6 rats
  A foxfire (D:9)
  A fulminant prism (D:9)
260 creatures vanquished.

Vanquished Creatures (others)
  1083 foxfires
  32 fulminant prisms
1115 creatures vanquished.

Grand Total: 1375 creatures vanquished

Notes
Turn   | Place    | Note
-------+----------+-------------------------------------------
     0 | D:1      | unlimited1921 the Djinni Fire Elementalist began the quest
                  | for the Orb.
     0 | D:1      | unlimited1921 set off with the following spells memorised:
                  | Foxfire, Scorch, Volatile Blastmotes, Inner Flame, Flame
                  | Wave.
     0 | D:1      | Reached XP level 1. HP: 15/15 MP: 0/0
   323 | D:1      | Reached XP level 2. HP: 18/21 MP: 0/0
  1060 | D:1      | Reached skill level 3 in Spellcasting
  1309 | D:1      | Reached XP level 3. HP: 20/25 MP: 0/0
  1309 | D:1      | Learned a level 1 spell: Apportation
  2326 | D:2      | Reached XP level 4. HP: 25/31 MP: 0/0
  3058 | D:2      | Found a faded altar of an unknown god.
  4033 | D:3      | Found a snail-covered altar of Cheibriados.
  4391 | D:3      | Found a broken altar of Ashenzari.
  4410 | D:3      | Reached XP level 5. HP: 34/35 MP: 0/0
  4410 | D:3      | Learned a level 2 spell: Ensorcelled Hibernation
  4467 | D:3      | Became a worshipper of Ashenzari the Shackled
  5080 | D:3      | Found a stormy altar of Qazlal.
  5410 | D:3      | Found a faded altar of an unknown god.
  6008 | D:3      | Found a glowing golden altar of the Shining One.
  6090 | D:3      | Reached skill level 4 in Spellcasting
  6595 | D:4      | Found a glowing silver altar of Zin.
  6746 | D:4      | Reached XP level 6. HP: 34/40 MP: 0/0
  7822 | D:4      | Reached skill level 5 in Spellcasting
  7822 | D:4      | Reached XP level 7. HP: 35/46 MP: 0/0
  7822 | D:4      | Learned a level 2 spell: Searing Ray
  8320 | D:4      | Noticed Grinder
  8324 | D:4      | Killed Grinder
  8723 | D:5      | Entered Level 5 of the Dungeon
  8907 | D:5      | Found a staircase to the Ecumenical Temple.
  9061 | D:5      | Reached skill level 6 in Spellcasting
  9410 | D:5      | Reached XP level 8. HP: 45/51 MP: 0/0
 10087 | D:5      | Found an opulent altar of Gozag.
 10134 | D:5      | Noticed Eustachio
 10141 | D:5      | Killed Eustachio
 10896 | D:6      | Noticed Dowan
 10897 | D:6      | Noticed Duvessa
 10907 | D:6      | Killed Duvessa
 10908 | D:6      | Reached skill level 7 in Spellcasting
 10921 | D:6      | Killed Dowan
 11632 | D:6      | Found a shimmering altar of Xom.
 11634 | D:6      | Found a shimmering altar of Xom.
 11635 | D:6      | Found a shimmering altar of Xom.
 11651 | D:6      | Found a shimmering altar of Xom.
 11653 | D:6      | Found a shimmering altar of Xom.
 11654 | D:6      | Found a shimmering altar of Xom.
 11656 | D:6      | Found a shimmering altar of Xom.
 11657 | D:6      | Found a shimmering altar of Xom.
 11657 | D:6      | Found a shimmering altar of Xom.
 11719 | D:6      | Reached XP level 9. HP: 44/56 MP: 0/0
 11719 | D:6      | Learned a level 4 spell: Fulminant Prism
 12204 | D:7      | Reached skill level 8 in Spellcasting
 12283 | D:7      | Identified the +1 spear "Epid" {vamp, *Rage rF+++ Int-3
                  | SInv}
 12642 | D:7      | Found a shadowy altar of Dithmenos.
 13116 | D:7      | Reached skill level 1 in Fighting
 14222 | D:8      | Reached skill level 9 in Spellcasting
 14498 | D:8      | Reached XP level 10. HP: 56/62 MP: 0/0
 15023 | D:8      | Reached * piety under Ashenzari
 15187 | D:9      | Reached skill level 10 in Spellcasting
 15441 | D:9      | Reached skill level 1 in Long Blades
 15560 | D:9      | Noticed a two-headed ogre
 15676 | D:9      | Reached skill level 11 in Spellcasting
 15680 | D:9      | Killed a two-headed ogre
 15681 | D:9      | Reached skill level 5 in Stealth
 15681 | D:9      | Reached XP level 11. HP: 42/68 MP: 0/0
 15681 | D:9      | Learned a level 5 spell: Iskenderun's Battlesphere
 15928 | D:9      | Noticed a deep elf pyromancer
 15935 | D:9      | Killed a deep elf pyromancer
 15936 | D:9      | Reached skill level 12 in Spellcasting
 16146 | D:9      | Identified the ring of Usilod {Fire rElec}
 16216 | D:9      | Found a sacrificial altar of Ru.
 16254 | D:9      | Identified the +1 long sword of the Modern Wishes {heavy,
                  | rF+++ rN+++ Str-2 Int-5}
 16280 | D:9      | Found a staircase to the Lair.
 16305 | D:9      | Found a hide-covered altar of Uskayaw.
 16473 | D:9      | Reached ** piety under Ashenzari
 16531 | Lair:1   | Entered Level 1 of the Lair of Beasts
 16550 | Lair:1   | Found a frozen archway.
 16696 | IceCv    | Entered an ice cave
 17063 | IceCv    | Identified the +1 hat of Sloth {rCorr Str+3 Dex+2}
 17495 | IceCv    | Mangled by a harpy simulacrum

Illustrated notes

Levels and vault maps discovered:
D:1:      amcnicky_arrival_blooded_trapdoor, layout_basic
D:2:      layout_rooms, hellmonk_ecumenical_altar_pennies_from_heaven
D:3:      layout_rooms, nicolae_overflow_ecumenical_swirl,
          ashenzari_conservatory_becter, nicolae_overflow_crystal_walls,
          slow_altar_1
D:4:      layout_basic, kennysheep_little_box,
          mainiacjoe_overflow_surrounded_room, minmay_misc_feat_square,
          uniq_grinder
D:5:      layout_loops_corners, grunt_gozag_statues,
          minmay_temple_entry_junction_2, uniq_eustachio
D:6:      layout_basic, xom_redecorated, uniq_duvessa
D:7:      layout_loops_ring, mainiacjoe_overflow_alcove_2,
          minmay_misc_feat_rugged, minmay_misc_feat_x, minmay_manual_mullet
D:8:      layout_rooms
D:9:      minmay_s_stair_smasher, layout_cave_pools, marbit_many_paths,
          mainiacjoe_overflow_catwalk, lair_entry_dummy
Lair:1:   dragon1_lemuel, layout_cave_pods, portal_ice_cave_entry_imps,
          chequers_serial_rivers_room_b, chequers_serial_rivers_small_3,
          grunt_megastairs_2, uniq_joseph
IceCv:    ice_cave_caverns_01

Skill      XL: |  1  2  3  4  5  6  7  8  9 10 11 |
---------------+----------------------------------+-----
Spellcasting   | 3 4 5 6 7 9 11 12 | 12.8
Stealth        | 2 3 4 5 |  5.2
Dodging        | 3 4 |  4.9
Fighting       | 1 |  1.7
Long Blades    | 1 |  1.4

Action                     |  1- 3 |  4- 6 |  7- 9 | 10-12 || total
---------------------------+-------+-------+-------+-------++-------
  Melee: Falchion          |       |       |     9 |     7 ||    16
   Cast: Foxfire           |    91 |   147 |   179 |   228 ||   645
         Scorch            |       |    15 |    16 |    18 ||    49
         Ensorcelled Hiber |       |     6 |     1 |       ||     7
         Inner Flame       |       |     3 |    22 |    56 ||    81
         Searing Ray       |       |       |     2 |     2 ||     4
         Volatile Blastmot |       |       |     2 |       ||     2
         Fulminant Prism   |       |       |     7 |    26 ||    33
         Flame Wave        |       |       |     1 |     3 ||     4
         Iskenderun's Batt |       |       |       |    21 ||    21
 Invoke: Curse Item        |       |       |     1 |     2 ||     3
    Use: Potion            |       |       |       |     1 ||     1
   Stab: Sleeping          |       |       |     2 |       ||     2
 Armour: Robe              |     1 |     9 |    11 |       ||    21
         Steam dragon scal |       |       |     1 |    12 ||    13
  Dodge: Dodged            |     4 |    19 |    21 |    36 ||    80
